 Dungeon Crawl Stone Soup version 0.25.1-2-g60ff931df9 (webtiles) character file.

Game seed: 2105117976593199783

21 Cazemata the Shooter (level 2, 0/23 HPs)
             Began as a Centaur Arcane Marksman on Oct 15, 2020.
             Succumbed to an adder's poison
             ... on level 1 of the Dungeon.
             The game lasted 00:09:55 (855 turns).

Cazemata the Shooter (Centaur Arcane Marksman)       Turns: 855, Time: 00:09:55

Health: 0/23       AC:  4    Str: 12    XL:     2   Next: 62%
Magic:  3/3        EV:  9    Int: 12    God:
Gold:   63         SH:  0    Dex:  9    Spells: 2/3 levels left

rFire    . . .     SeeInvis .   a - +0 shortbow
rCold    . . .     Gourm    .   (shield currently unavailable)
rNeg     . . .     Faith    .   e - +0 robe
rPois    .         Spirit   .   (no helmet)
rElec    .         Reflect  .   (no cloak)
rCorr    .         Harm     .   (no gloves)
MR       .....                  (no barding)
Stlth    +.........             (no amulet)
HPRegen  0.07/turn              (no ring)
MPRegen  0.08/turn              (no ring)

@: lethally poisoned (0 -> -12), very quick
A: large, hooves 3, deformed body, speed 2, tough skin 3
a: no special abilities


You were on level 1 of the Dungeon.
You were not hungry.

You visited 1 branch of the dungeon, and saw 2 of its levels.

You collected 63 gold pieces.

Inventory:

Hand Weapons
 a - a +0 shortbow (weapon)
Armour
 c - a scarf of harm
 e - a +0 robe (worn)
Scrolls
 i - a scroll of fog
 j - 5 scrolls of enchant weapon {unknown}
Potions
 g - a potion of berserk rage {unknown}
 h - a potion of brilliance {unknown}
 k - a potion of heal wounds {unknown}
Comestibles
 f - 3 rations


   Skills:
 + Level 1.0 Fighting
 + Level 3.8 Bows
 + Level 1.3 Dodging
 + Level 1.1 Spellcasting
 + Level 3.0 Hexes


You had 2 spell levels left.
You knew the following spells:

 Your Spells              Type           Power        Failure   Level  Hunger
a - Corona                Hex            #......      9%          1    ##.....

Your spell library contained the following spells:

 Spells                   Type           Power        Failure   Level  Hunger
 Slow                     Hex            #.......     13%         2    ###....
 Inner Flame              Hex/Fire       #.......     43%         3    ####...
 Portal Projectile        Hex/Tloc       #.....       43%         3    ####...
 Cause Fear               Hex            #.........   65%         4    #####..
 Leda's Liquefaction      Hex/Erth       #.........   85%         4    #####..


Dungeon Overview and Level Annotations

Branches:
Dungeon (2/15)

Altars:


Innate Abilities, Weirdness & Mutations

You have hooves in place of feet.
Armour fits poorly on your strangely shaped body.
You cover ground very quickly.
You have extremely tough skin. (AC +3)


Message History

You clumsily bash the adder but do no damage.
The adder is severely wounded.
You feel sick. The adder bites you but does no damage.
The adder barely misses you.
Unknown command.
The adder bites you.
* * * LOW HITPOINT WARNING * * *
The adder bites you.
* * * LOW HITPOINT WARNING * * *
You climb upwards.
* * * LOW HITPOINT WARNING * * *
You feel sick.
There is a stone staircase leading down here.
The adder bites you.
* * * LOW HITPOINT WARNING * * *
You are more poisoned.
The adder poisons you!
* * * LOW HITPOINT WARNING * * *
You feel sick.
You die...

#......##.##....................#
##.....##.##.###.#....(....######
#......##..#.# #.#####.....######
#......###.#.###.# #.....##....
#......###.#..##.# #.....#..###
#......##.....##)# ##...#..##..
....#####..##.##.# ###.....##.#'
#.### #....##..#.####.'....'#.##.
#.#####........#@.....#....#.##.#
#................###..#....#.#.##
########......#S......#....#(#.#.
########......#.......#....#.#.#.
.....##.......##>##...####.#.#.#.
.....##.......#####...# #[#.#.##
.....##...##### #...# #.#.##.#
.....####.# #...# #.##.##. ..####
#.# #...# #..##.##


You could see an adder.

Vanquished Creatures
  2 bats (D:1)
  3 goblins (D:1)
  4 hobgoblins (D:1)
  A jackal (D:2)
  4 kobolds (D:1)
  3 rats (D:1)
17 creatures vanquished.

Notes
Turn   | Place    | Note
-------+----------+-------------------------------------------
     0 | D:1      | Cazemata the Centaur Arcane Marksman began the quest for
                  | the Orb.
     0 | D:1      | Reached XP level 1. HP: 16/16 MP: 2/2
   230 | D:1      | Reached XP level 2. HP: 23/23 MP: 3/3
   854 | D:1      | HP: 1/23 [poisoned by an adder]
   855 | D:1      | Succumbed to an adder's poison

Illustrated notes

Levels and vault maps discovered:
D:1:      evilmike_arrival_rings, layout_basic, hangedman_decor_growths
D:2:      layout_loops_ring, vehumet_crystals, lemuel_coloured_pillars_altar

Skill      XL: |  1  2 |
---------------+-------+-----
Bows           | 3 |  3.8
Hexes          | 3 |  3.0
Fighting       | |  1.0
Dodging        | |  1.3
Spellcasting   | |  1.1

Action                   || total
-------------------------++-------
Melee: Shortbow          ||     5
 Fire: Shortbow          ||    62
 Cast: Corona            ||     1
  Use: Scroll            ||     3
Armor: Robe              ||    14
Dodge: Dodged            ||    21
